 Dungeon Crawl Stone Soup version 0.17-a0-155-g14e20c2 (console) character file.

33280 mudo the Geomancer (level 13, -2/87 HPs)
             Began as a Vampire Earth Elementalist on Feb 23, 2015.
             Was the Champion of Sif Muna.
             Slain by a death yak (26 damage)
             ... on level 5 of the Lair of Beasts on Mar 26, 2015.
             The game lasted 01:29:59 (17017 turns).

mudo the Geomancer (Vampire Earth Elementalist)    Turns: 17017, Time: 01:30:00

Health: -2/87      AC:  7    Str:  7    XL:     13   Next: 35%
Magic:  9/31       EV: 14    Int: 24    God:    Sif Muna [******]
Gold:   1162       SH:  0    Dex: 14    Spells: 5 memorised, 15 levels left

rFire  + . .     SeeInvis +     a - staff of earth
rCold  + . .     Clarity  .     F - +0 robe {MR+}
rNeg   + + .     SustAb   .     (no shield)
rPois  +         Gourm    .     S - +2 hat {MR+}
rElec  .         Spirit   .     G - +0 cloak
rCorr  .         Warding  .     z - +0 pair of gloves (curse)
rMut   .         Stasis   .     q - +0 pair of boots
MR     +++..                    (no amulet)
Stlth  +++.......               C - ring of protection from fire
                                Z - +3 ring of intelligence

@: regenerating slowly, extremely resistant to hostile enchantments, fairly
stealthy
A: bottle blood, fangs 3, see invisible, unbreathing
a: Bat Form, Channel Energy, Forget Spell, Renounce Religion


You were on level 5 of the Lair of Beasts.
You worshipped Sif Muna.
Sif Muna was exalted by your worship.
You were thirsty.

You visited 3 branches of the dungeon, and saw 17 of its levels.
You also visited: Sewer.

You collected 1162 gold pieces.


   Skills:
 - Level 3.6 Fighting
 - Level 5.1 Dodging
 - Level 3.0 Stealth
 + Level 9.8 Spellcasting
 + Level 4.6 Conjurations
 - Level 1.1 Transmutations
 - Level 14.1 Earth Magic
 - Level 8.1 Invocations
 - Level 8.6 Evocations


You had 15 spell levels left.
You knew the following spells:

 Your Spells              Type           Power        Failure   Level  Hunger
a - Sandblast             Erth           ######       0%          1    None
b - Stone Arrow           Conj/Erth      ######       1%          3    None
c - Sticky Flame          Conj/Fire      ###.....     24%         4    #......
l - Passwall              Trmt/Erth      ######....   1%          3    None
n - Lee's Rapid Deconstr  Erth           #######...   1%          5    ####...


Dungeon Overview and Level Annotations

Branches:
Dungeon (11/15)            Temple (1/1) D:4            Lair (5/8) D:11
  Swamp (0/5) Lair:4
  Snake: Lair:3-6    Spider: Lair:3-6       Orc: D:9-12

Altars:
Ashenzari
Cheibriados
Dithmenos
Elyvilon
Fedhas
Gozag
Kikubaaqudgha
Makhleb
Nemelex Xobeh
Okawaru
Qazlal
Ru
Sif Muna
Trog
Vehumet
Xom
Yredelemnul
Zin
The Shining One

Annotations:
D:5 Edmund


Innate Abilities, Weirdness & Mutations

You heal slowly.
You can bottle blood from corpses.
You have razor-sharp teeth.
You have supernaturally acute eyesight.
You can survive without breathing.

Inventory:

Hand weapons
 b - a +3 dagger of electrocution
 s - a +0 blowgun
 U - a +2 short sword of venom
Missiles
 o - 370 stones (quivered)
Armour
 q - a +0 pair of boots (worn)
 z - a cursed +0 pair of gloves (worn)
 F - a +0 robe of magic resistance (worn)
 G - a +0 cloak (worn)
 S - a +2 hat of magic resistance (worn)
Magical staves
 a - an uncursed staff of earth (weapon)
Jewellery
 p - a +2 ring of evasion
 C - a ring of protection from fire (right hand)
 Z - a +3 ring of intelligence (left hand)
Magical devices
 j - a wand of random effects (16)
 r - a wand of digging (14)
 D - a wand of frost (26)
 I - a wand of teleportation (2)
 T - a wand of confusion (17)
 V - a wand of fireball (7)
 W - a wand of disintegration (15)
Scrolls
 g - 15 scrolls of identify
 k - 7 scrolls of teleportation {unknown}
 l - 3 scrolls of amnesia {unknown}
 n - 11 scrolls of remove curse
 v - 3 scrolls of fog {unknown}
 w - 2 scrolls of fear {unknown}
 H - 3 scrolls of blinking
 M - a scroll of torment {unknown}
 N - a scroll of recharging {unknown}
 P - a scroll of magic mapping
 Y - a scroll of enchant weapon
Potions
 e - 7 potions of curing
 h - 5 potions of might
 i - a potion of lignification {unknown}
 m - 7 potions of heal wounds
 x - a potion of resistance {unknown}
 A - a potion of agility {unknown}
 B - 2 potions of restore abilities {unknown}
 E - 2 potions of ambrosia
 J - a potion of cure mutation {unknown}
 K - 2 potions of poison {unknown}
 L - 4 potions of blood {@*1}
 Q - 3 potions of brilliance
 R - a potion of haste
Books
 d - a book of Geomancy

   Spells                             Type                      Level
   a - Sandblast                      Earth                        1
   b - Stoneskin                      Transmutation/Earth          2
   c - Passwall                       Transmutation/Earth          3
   d - Stone Arrow                    Conjuration/Earth            3
   e - Petrify                        Transmutation/Earth          4
   f - Lee's Rapid Deconstruction     Earth                        5
 f - a Fen Folio

   Spells                             Type                      Level
   a - Corpse Rot                     Necromancy                   2
   b - Stone Arrow                    Conjuration/Earth            3
   c - Leda's Liquefaction            Hexes/Earth                  4
   d - Summon Forest                  Summoning/Translocation      5
   e - Hydra Form                     Transmutation                6
   f - Summon Hydra                   Summoning                    7
 t - a book of Death

   Spells                             Type                      Level
   a - Corpse Rot                     Necromancy                   2
   b - Sublimation of Blood           Necromancy                   2
   c - Agony                          Necromancy                   5
   d - Dispel Undead                  Necromancy                   5
   e - Excruciating Wounds            Charms/Necromancy            5
   f - Bolt of Draining               Conjuration/Necromancy       5
 u - a book of Alchemy

   Spells                             Type                      Level
   a - Sublimation of Blood           Necromancy                   2
   b - Alistair's Intoxication        Transmutation/Poison         4
   c - Condensation Shield            Ice                          4
   d - Petrify                        Transmutation/Earth          4
   e - Ignite Poison                  Fire/Transmutation           5
   f - Irradiate                      Conjuration/Transmutation    5
 y - a Necronomicon {highlevel, unknown}

   This book is beyond your current level of understanding.

   Spells                             Type                      Level
   a - Haunt                          Necromancy/Summoning         7
   b - Borgnjor's Revivification      Necromancy                   8
   c - Death's Door                   Charms/Necromancy            8
   d - Necromutation                  Transmutation/Necromancy     8
 O - Straasog's Tome of the Rocks {god gift}
   (Sif Muna gifted it to you on level 11 of the Dungeon)

   Spells                             Type                      Level
   a - Sandblast                      Earth                        1
   b - Stoneskin                      Transmutation/Earth          2
   c - Passwall                       Transmutation/Earth          3
   d - Iron Shot                      Conjuration/Earth            6
   e - Lehudib's Crystal Spear        Conjuration/Earth            8
 X - Sif Muna's Almanac of Attacks {god gift}
   (Sif Muna gifted it to you on level 4 of the Lair of Beasts)

   Spells                             Type                      Level
   a - Sting                          Conjuration/Poison           1
   b - Sticky Flame                   Conjuration/Fire             4
   c - Orb of Destruction             Conjuration                  7
   d - Lehudib's Crystal Spear        Conjuration/Earth            8


Message History

Aiming: Sticky Flame
Aim: a death yak (lightly wounded)
The sticky flame hits the death yak.
The death yak is lightly wounded.
The death yak is covered in liquid flames!
The death yak burns!
The death yak gores you!!
* * * LOW HITPOINT WARNING * * *
The death yak burns!
The death yak burns!
The death yak burns!
The death yak stops burning.
Here: a death yak (moderately wounded)
The floor.
The death yak closely misses you.
Casting: Sticky Flame
Aiming: Sticky Flame
Aim: a death yak (lightly wounded)
You miscast Sticky Flame.
Sif Muna protects you from the effects of your miscast!
The death yak gores you!!
You die...

##### ### ####...####### #.###
##### #.#/!.#...##.####.#.#
##...#### ##.........##.......#
......#.### #........##[.......##
..........###........#...........
.............#.........#.........
......##.......................#.
......F###.#FF..V....##.........#
.......# #.##F..#Y#..###.#......#
.......# #####.##....# #####...F#
#....### #.#####...# ###..#
..#...#######.##....## #####...#
.......#..####......# ##....#F+#
......'....##..#.#..####FF.......
......##..........##..#..F.......
......[##...........(...+.......%


You could see a death yak.

Action                   |  1- 3 |  4- 6 |  7- 9 | 10-12 | 13-15 || total
-------------------------+-------+-------+-------+-------+-------++-------
Melee: Short sword       |    38 |   132 |   198 |   119 |       ||   487
       Staff             |       |       |       |    98 |    10 ||   108
       Dagger            |       |       |       |    16 |       ||    16
 Cast: Sandblast         |    41 |    91 |    67 |     5 |       ||   204
       Stone Arrow       |       |     4 |    57 |   292 |    18 ||   371
       Lee's Rapid Decon |       |       |    11 |    76 |    33 ||   120
       Sticky Flame      |       |       |       |       |     3 ||     3
Invok: Channel Energy    |       |     4 |    17 |   205 |    30 ||   256
Evoke: Wand              |       |       |       |     2 |       ||     2
  Use: Potion            |       |       |     9 |    14 |     5 ||    28
       Scroll            |       |       |     8 |     5 |     1 ||    14
 Stab: Sleeping          |       |     5 |     5 |     2 |       ||    12
       Distracted        |       |       |       |     2 |       ||     2
  Eat: Corpse            |     5 |    18 |    16 |    43 |     5 ||    87

Vault maps used:
D:1:      dpeg_arrival_long_road
D:2:      first_bread
D:3:      uniq_jessica
D:4:      minmay_temple_entry_butterflies, hangedman_decor_riveting,
          minmay_rat_hole
D:5:      portal_sewer_entry_b, basic_altar, uniq_duvessa, uniq_edmund,
          uniq_iyjb
D:6:      uniq_sigmund, uniq_grinder
D:7:      minmay_overflow_temple_hex, uniq_joseph
D:8:      the_bakery
D:9:      corexii_shack_village, grunt_temple_overflow_order_and_chaos_2,
          fedhas_altar_1
D:10:     eino_small_chamber_without_monster
D:11:     lair_0_dummy, lightli_minifort, uniq_gastronok, uniq_nergalle
Temple:   bh_familiar_temple
Lair:1:   fungi_pond_lemuel
Lair:2:   minmay_lair_oklob_chamber, special_room, serial_bayou_shore_a
Lair:3:   st_stairs_8
Lair:4:   swamp_mist, infiniplex_staircase_pool_2, lemuel_fruit_fields
Lair:5:   spider_nest_entry_a
Sewer:    sewer_big_baddie

Vanquished Creatures
  Gastronok (D:11)
  A hydra (Lair:5)
  9 death yaks
  Nergalle (D:11)
  An unseen horror (D:10)
  3 ugly things (D:11)
  A manticore (D:11)
  An oklob plant (Lair:2)
  2 cyclopes (D:11)
  5 elephants (Lair:4)
  Joseph (D:7)
  6 spiny frogs
  2 komodo dragons
  3 wandering mushrooms (Lair:1)
  3 fire drakes
  A queen bee (Lair:2)
  A polar bear (Lair:3)
  Grinder (D:6)
  5 blink frogs (Lair:4)
  A basilisk (Lair:2)
  A spriggan (D:8)
  2 wyverns
  22 yaks
  A hungry ghost (D:8)
  A deep elf mage (D:11)
  A steam dragon (D:7)
  2 hippogriffs
  A soldier ant (D:10)
  4 sky beasts
  3 orc warriors
  8 spiders (Lair:5)
  6 water moccasins
  3 ice beasts
  4 phantoms
  A black bear (Lair:1)
  An ogre (D:6)
  8 porcupines
  2 centaurs
  12 crocodiles
  Sigmund (D:6)
  Duvessa (D:5)
  2 wyvern zombies
  A big kobold (D:10)
  A wyvern skeleton (D:10)
  21 giant frogs
  A scorpion (D:6)
  28 killer bees
  2 quasits
  5 wights (D:11)
  Dowan (D:5)
  4 crimson imps
  11 hounds
  3 giant frog zombies
  6 jellies
  2 giant frog skeletons
  11 orc wizards
  6 orc priests
  11 worker ants
  A gnoll shaman (D:10)
  4 iguanas
  12 sheep
  Ijyb (D:5)
  Jessica (D:3)
  A hound skeleton (D:11)
  18 adders
  36 river rats
  A worker ant zombie (D:9)
  7 gnolls
  A shadow imp (D:11)
  3 giant mites
  3 worms (D:2)
  An adder zombie (D:9)
  An adder skeleton (D:6)
  2 oozes (D:1)
  31 orcs
  2 ball pythons
  18 bats
  10 goblins
  19 hobgoblins
  12 kobolds
  8 quokkas
  4 giant cockroaches
  4 giant geckos
  6 giant newts
  7 jackals
  31 rats
  4 butterflies
  A fungus (Lair:5)
500 creatures vanquished.

Vanquished Creatures (others)
  A fungus (Lair:5)
  2 plants
3 creatures vanquished.

Grand Total: 503 creatures vanquished

Table legend:
 A = Kills in this place as a percentage of kills in entire the game.
 B = Kills by you in this place as a percentage of kills by you in the entire game.
 C = Kills by friends in this place as a percentage of kills by friends in the entire game.
 D = Other kills in this place as a percentage of other kills in the entire game.
 E = Experience gained in this place as a percentage of experience gained in the entire game.
 F = Experience gained in this place divided by the number of levels of this place that you have seen.
                   A       B       C       D       E      F
               +-------+-------+-------+-------+-------+----------------------
         Total | 100.0 | 100.0 |  -nan |  -nan | 100.0 | 2641.3
       Dungeon |  62.2 |  62.2 |  -nan |  -nan |  36.2 | 1562.8
          Lair |  36.6 |  36.6 |  -nan |  -nan |  63.6 | 6046.6
         Sewer |   1.2 |   1.2 |  -nan |  -nan |   0.3 | 119.0
               +-------+-------+-------+-------+-------+----------------------

Table legend:
 A = Turns spent in this place as a percentage of turns spent in the entire game.
 B = Non-inter-level travel turns spent in this place as a percentage of non-inter-level travel turns spent in the entire game.
 C = Inter-level travel turns spent in this place as a percentage of turns spent in this place.
 D = Turns resting spent in this place as a percentage of non-inter-level travel turns spent in this place.
 E = Turns spent auto-exploring this place as a percentage of non-inter-level travel turns spent in this place.
 F = Non-inter-level travel turns spent in this place divided by the number of levels of this place that you've seen.
                   A       B       C       D       E      F
               +-------+-------+-------+-------+-------+----------------------
         Total | 100.0 | 100.0 |   0.3 |   1.9 |   9.1 | 312.8
       Dungeon |  63.5 |  63.5 |   0.3 |   2.1 |   9.6 | 325.0
        Temple |   1.3 |   1.2 |   1.4 |   0.0 |  15.7 |  70.0
          Lair |  34.2 |  34.2 |   0.3 |   1.3 |   8.1 | 385.6
         Sewer |   1.0 |   1.0 |   0.0 |   8.6 |   0.0 |  58.0
               +-------+-------+-------+-------+-------+----------------------

Notes
Turn   | Place    | Note
--------------------------------------------------------------
     0 | D:1      | mudo, the Vampire Earth Elementalist, began the quest for the Orb.
     0 | D:1      | Reached XP level 1. HP: 13/13 MP: 3/3
   218 | D:1      | Reached XP level 2. HP: 19/19 MP: 0/4
   632 | D:2      | Reached skill level 4 in Earth Magic
   634 | D:2      | Reached XP level 3. HP: 24/24 MP: 0/6
   910 | D:2      | Reached XP level 4. HP: 22/30 MP: 3/7
   967 | D:2      | Reached skill level 5 in Earth Magic
  1108 | D:2      | Learned a level 3 spell: Stone Arrow
  1330 | D:3      | Reached XP level 5. HP: 35/35 MP: 6/9
  1332 | D:3      | Noticed Jessica
  1346 | D:3      | Killed Jessica
  1346 | D:3      | Reached skill level 6 in Earth Magic
  1584 | D:3      | HP: 7/35 [poisoned by a kobold]
  1589 | D:3      | HP: 5/35 [poisoned by a kobold]
  1594 | D:3      | HP: 4/35 [poisoned by a kobold]
  1601 | D:3      | HP: 4/35 [poisoned by a kobold]
  1609 | D:3      | HP: 3/35 [poisoned by a kobold]
  1922 | D:4      | Found a staircase to the Ecumenical Temple.
  1938 | Temple   | Entered the Ecumenical Temple
  2096 | Temple   | Upgraded the game from 0.16-a0-4088-g7c8221e to 0.17-a0-1-g1f4be75
  2099 | Temple   | Became a worshipper of Sif Muna the Loreminder
  2697 | D:4      | Reached XP level 6. HP: 39/41 MP: 5/10
  2894 | D:5      | Entered Level 5 of the Dungeon
  2935 | D:5      | Noticed Edmund
  3086 | D:5      | Reached skill level 7 in Earth Magic
  3126 | D:5      | Found a glowing drain.
  3152 | Sewer    | Entered a sewer
  3391 | D:5      | Found a stormy altar of Qazlal.
  3397 | D:5      | Noticed Ijyb
  3408 | D:5      | Killed Ijyb
  3408 | D:5      | Acquired Sif Muna's first power
  3482 | D:5      | Noticed Duvessa
  3506 | D:4      | Reached skill level 8 in Earth Magic
  3506 | D:4      | Reached XP level 7. HP: 37/46 MP: 8/12
  3545 | D:5      | Killed Duvessa
  3568 | D:5      | Noticed Dowan
  3662 | D:5      | Killed Dowan
  4002 | D:5      | Reached skill level 9 in Earth Magic
  4412 | D:5      | Acquired Sif Muna's second power
  4501 | D:6      | Reached XP level 8. HP: 26/52 MP: 1/13
  4664 | D:6      | Reached skill level 10 in Earth Magic
  4798 | D:6      | Noticed Sigmund
  4893 | D:6      | Killed Sigmund
  5005 | D:6      | Noticed Grinder
  5013 | D:6      | Killed Grinder
  5013 | D:6      | Reached skill level 3 in Spellcasting
  5228 | D:6      | Reached skill level 4 in Spellcasting
  5322 | D:6      | Learned a level 5 spell: Lee's Rapid Deconstruction
  5565 | D:6      | Reached skill level 11 in Earth Magic
  5714 | D:7      | Reached XP level 9. HP: 57/57 MP: 6/20
  5935 | D:7      | Acquired Sif Muna's third power
  5935 | D:7      | Reached skill level 5 in Spellcasting
  6005 | D:7      | Noticed Joseph
  6015 | D:7      | Killed Joseph
  6525 | D:7      | Reached skill level 6 in Spellcasting
  6580 | D:7      | Found an iron altar of Okawaru.
  6582 | D:7      | Found a stormy altar of Qazlal.
  6584 | D:7      | Found an opulent altar of Gozag.
  6585 | D:7      | Found a snail-covered altar of Cheibriados.
  6588 | D:7      | Found a blossoming altar of Fedhas.
  6588 | D:7      | Found a shadowy altar of Dithmenos.
  7199 | D:8      | Reached skill level 1 in Invocations
  7323 | D:8      | Reached skill level 2 in Invocations
  7726 | D:8      | Reached skill level 7 in Spellcasting
  7783 | D:8      | Reached skill level 3 in Invocations
  7783 | D:8      | Reached XP level 10. HP: 63/63 MP: 9/25
  8383 | D:9      | Reached skill level 4 in Invocations
  8510 | D:9      | Found a glowing silver altar of Zin.
  8510 | D:9      | Found a burning altar of Makhleb.
  8511 | D:9      | Noticed a balrug
  8511 | D:9      | Noticed an angel
  8601 | D:9      | Found a blossoming altar of Fedhas.
  8997 | D:10     | Entered Level 10 of the Dungeon
  9033 | D:10     | Reached skill level 8 in Spellcasting
  9295 | D:10     | Reached skill level 5 in Invocations
  9635 | D:10     | Noticed an unseen horror
  9643 | D:10     | Killed an unseen horror
  9643 | D:10     | Reached skill level 1 in Conjurations
  9643 | D:10     | Reached skill level 6 in Invocations
  9770 | D:10     | Reached skill level 2 in Conjurations
 10085 | D:11     | Noticed a manticore
 10089 | D:11     | Killed a manticore
 10138 | D:11     | Reached XP level 11. HP: 68/68 MP: 15/28
 10183 | D:11     | Noticed Nergalle
 10298 | D:11     | Killed Nergalle
 10298 | D:11     | Reached skill level 3 in Conjurations
 10334 | D:11     | Found a staircase to the Lair.
 10367 | D:10     | Identified a scroll of acquirement
 10398 | D:11     | Reached skill level 7 in Invocations
 10494 | D:11     | Received a gift from Sif Muna
 10495 | D:11     | Identified Straasog's Tome of the Rocks {god gift} (Sif Muna gifted it to you on level 11 of the Dungeon)
 10512 | D:11     | Noticed a purple ugly thing
 10513 | D:11     | Noticed a brown ugly thing
 10524 | D:11     | Noticed a white ugly thing
 10535 | D:11     | Killed a red ugly thing
 10535 | D:11     | Killed a brown ugly thing
 10546 | D:11     | Killed a white ugly thing
 10546 | D:11     | Reached skill level 4 in Conjurations
 10567 | D:11     | Noticed Gastronok
 10576 | D:11     | Killed Gastronok
 10576 | D:11     | Reached skill level 8 in Invocations
 10640 | D:11     | Reached skill level 1 in Evocations
 10747 | D:11     | Noticed a cyclops
 10750 | D:11     | Killed a cyclops
 10750 | D:11     | Reached skill level 12 in Earth Magic
 10924 | D:11     | Noticed a cyclops
 10928 | D:11     | Killed a cyclops
 10928 | D:11     | Reached skill level 2 in Evocations
 11022 | Lair:1   | Entered Level 1 of the Lair of Beasts
 11125 | Lair:1   | Reached skill level 3 in Evocations
 11596 | Lair:1   | Reached skill level 4 in Evocations
 12322 | Lair:2   | Reached skill level 5 in Evocations
 12381 | Lair:2   | Reached XP level 12. HP: 69/74 MP: 20/28
 12758 | Lair:2   | Reached skill level 13 in Earth Magic
 12764 | Lair:2   | Reached skill level 6 in Evocations
 13575 | Lair:3   | Reached skill level 7 in Evocations
 13949 | Lair:3   | Reached skill level 1 in Fighting
 14224 | Lair:4   | Reached skill level 3 in Dodging
 14336 | Lair:4   | Reached skill level 2 in Fighting
 14360 | Lair:4   | HP: 11/78 [crocodile (13)]
 14375 | Lair:4   | Reached skill level 4 in Dodging
 14423 | Lair:4   | Reached skill level 3 in Fighting
 14423 | Lair:4   | Reached skill level 8 in Evocations
 14438 | Lair:4   | Reached skill level 5 in Dodging
 14474 | Lair:4   | HP: 12/81 [yak (7)]
 14809 | Lair:4   | Found a staircase to the Swamp.
 15029 | Lair:4   | Received a gift from Sif Muna
 15033 | Lair:4   | Identified Sif Muna's Almanac of Attacks {god gift} (Sif Muna gifted it to you on level 4 of the Lair of Beasts)
 15160 | Lair:4   | Upgraded the game from 0.17-a0-1-g1f4be75 to 0.17-a0-155-g14e20c2
 15408 | Lair:5   | Reached XP level 13. HP: 83/87 MP: 24/29
 15657 | Lair:5   | Reached skill level 9 in Spellcasting
 15816 | Lair:5   | Found a hole to the Spider Nest.
 15946 | Lair:5   | Learned a level 3 spell: Passwall
 16268 | Lair:5   | Reached skill level 14 in Earth Magic
 16516 | Lair:5   | HP: 14/87 [death yak (15)]
 16575 | Lair:5   | HP: 17/87 [death yak (5)]
 16589 | Lair:5   | Learned a level 4 spell: Sticky Flame
 17017 | Lair:5   | Slain by a death yak
